 Dungeon Crawl Stone Soup version 0.28-a0-1128-gb845255321 (webtiles) character file.

Game seed: 14337210887479478740

1771 ChaosChampion the Thaumaturge (level 8, 0/41 HPs)
             Began as a Deep Elf Conjurer on Dec 12, 2021.
             Was an Initiate of Vehumet.
             Killed from afar by an orc (8 damage)
             ... with an iceblast
             ... on level 6 of the Dungeon.
             The game lasted 00:11:14 (6804 turns).

ChaosChampion the Thaumaturge (Deep Elf Conjurer)   Turns: 6804, Time: 00:11:15

Health: 0/41       AC:  3    Str:  2    XL:     8   Next: 80%
Magic:  24/24      EV: 14    Int: 30    God:    Vehumet [......]
Gold:   237        SH:  0    Dex: 13    Spells: 21/28 levels left

rFire   + . .      SeeInvis .   A - staff of death
rCold   . . .      Faith    .   (no shield)
rNeg    + + .      Spirit   .   a - +1 robe
rPois   .          Reflect  .   (no helmet)
rElec   .          Harm     .   (no cloak)
rCorr   .          Rampage  .   (no gloves)
Will    +....                   (no boots)
Stlth   ++........              o - amulet of magic regeneration
HPRegen 0.13/turn               h - ring of willpower
MPRegen 0.59/turn               u - ring "Xuybonk" {Fly rF+ rN+ Str-2 Int+4}

@: flying
A: no striking features
a: Renounce Religion


You were on level 6 of the Dungeon.
You worshipped Vehumet.
Vehumet was noncommittal.
You visited 1 branch of the dungeon, and saw 6 of its levels.

You collected 237 gold pieces.

Inventory:

Hand Weapons
 q - a +2 vorpal dire flail
Missiles
 e - 5 atropa-tipped darts
Armour
 a - a +1 robe (worn)
Magical Staves
 A - a staff of death (weapon)
Jewellery
 h - a ring of willpower (left hand)
 o - an amulet of magic regeneration (around neck)
 t - a +6 ring of dexterity
 u - the ring "Xuybonk" (right hand) {Fly rF+ rN+ Str-2 Int+4}
   (You found it on level 4 of the Dungeon)

   [ring of flight]

   Str:       It affects your strength (-2).
   Int:       It affects your intelligence (+4).
   rF:        It protects you from fire.
   rN:        It protects you from negative energy.
   Fly:       It grants you flight.
 w - an amulet of regeneration
 y - a ring of wizardry
Wands
 p - a wand of acid (11)
 B - a wand of iceblast (11)
Scrolls
 d - a scroll of vulnerability {unknown}
 g - a scroll of blinking
 i - 3 scrolls of fear {unknown}
 j - a scroll of torment
 l - 2 scrolls of fog
 m - 2 scrolls of identify
 r - a scroll of noise {unknown}
Potions
 b - 7 potions of curing
 c - 2 potions of heal wounds {unknown}
 f - 2 potions of mutation {unknown}
 k - a potion of magic
 n - 2 potions of resistance {unknown}
 s - a potion of degeneration {unknown}
 x - a potion of might {unknown}
 z - a potion of attraction {unknown}


   Skills:
 - Level 6.0 Dodging
 - Level 2.4 Stealth
 * Level 10.7 Spellcasting
 + Level 7.5 Conjurations
 - Level 4.0 Translocations


You had 21 spell levels left.
You knew the following spells:

 Your Spells              Type           Power      Damage    Failure   Level
a - Magic Dart            Conj           100%       1d8       1%          1
b - Searing Ray           Conj           100%       2d8       1%          2
c - Iskenderun's Mystic   Conj/Tloc      50%        2d11      3%          4

Your spell library contained the following spells:

 Spells                   Type           Power      Damage    Failure   Level
 Dazzling Flash           Conj/Hex       76%        N/A       1%          3
 Fulminant Prism          Conj/Hex       19%        3d11      7%          4


Dungeon Overview and Level Annotations

Branches:
Dungeon (6/15)
 Temple: D:4-7

Altars:
Qazlal
Vehumet
Wu Jian
Zin
The Shining One

Shops:
D:1 *   D:5 =


Message History

(Press . to maintain the ray.)
You feel sick.
Casting: Searing Ray (safe; 1% risk of failure)
Confirm with . or Enter, or press ? or * to list all spells.
You can't see any susceptible monsters within range! (Use Z to cast anyway.)
You feel sick.
You feel sick.
You feel sick.
You feel sick.
You see here 17 stones.
Casting: Searing Ray (safe; 1% risk of failure)
Confirm with . or Enter, or press ? or * to list all spells.
Aiming: Searing Ray (safe; 1% risk of failure)
Press: ? - help, Shift-Dir - straight line, f/p - hound
Aim: a hound (severely wounded, 76% to hit)
The searing ray hits the hound!
You kill the hound!
Vehumet accepts your kill. (Press . to maintain the ray.)
You feel sick.
You start resting.
You feel sick.
You are no longer poisoned.
You start resting.
Magic restored.
You start resting.
An orc comes into view.
It is wielding a +0 dagger and carrying a wand of iceblast (8).
Casting: Searing Ray (safe; 1% risk of failure)
Confirm with . or Enter, or press ? or * to list all spells.
Aiming: Magic Dart (safe; 1% risk of failure)
Press: ? - help, Shift-Dir - straight line, f - orc
Aim: an orc, wielding a +0 dagger, wearing a ring of ice and carrying a wand of iceblast (8) (wandering, hasn't noticed you, 100% to hit)
The magic dart hits the orc.
The orc is lightly wounded.
The orc shouts!
The orc zaps a wand.
The mass of ice explodes!
The iceblast engulfs you!
You hear a shout! x3
The orc zaps a wand.
The mass of ice explodes!
The iceblast engulfs you!
* * * LOW HITPOINT WARNING * * *
The orc zaps a wand.
The mass of ice explodes!
The iceblast engulfs you!
You die...

###..###.....#... ...#
#.....###. . #.##
##.....# ## ##. .
##....### # ...^
##..#..# #
.#..########...#..# ##
.............###..# ##.
#..<#####.# #..# #..
#.@###..###.#####.#
##.....#..........#
####.....##..........#
.......................
...##.###.##.........##
#. #. #.##.........# #
.. #(o####.###### ..#
##.###### ... #...#


You could see an orc.

Vanquished Creatures
  The ghost of fly the Sneak, an amateur FoDe (D:4)
  Menkaure (D:4)
  Edmund (D:4)
  2 water moccasins (D:5)
  An ice beast (D:5)
  A black bear (D:5)
  2 ogres
  A centaur (D:5)
  A phantom (D:5)
  Blork the orc (D:5)
  3 scorpions
  A centaur zombie (D:6)
  2 centaur skeletons
  4 hounds
  2 iguanas
  An orc wizard (D:3)
  5 gnolls
  2 adders
  A white imp (D:6)
  An ufetubus (D:5)
  3 worms (D:3)
  A dart slug (D:1)
  10 orcs
  9 ball pythons
  6 endoplasms
  2 giant cockroaches
  6 goblins
  10 hobgoblins
  4 jackals
  2 kobolds
  5 quokkas
  2 bats (D:1)
  2 frilled lizards
  4 rats
100 creatures vanquished.

Notes
Turn   | Place    | Note
-------+----------+-------------------------------------------
     0 | D:1      | ChaosChampion the Deep Elf Conjurer began the quest for the
                  | Orb.
     0 | D:1      | Reached XP level 1. HP: 10/10 MP: 6/6
   277 | D:1      | Reached XP level 2. HP: 15/15 MP: 4/8
   280 | D:1      | Learned a level 2 spell: Searing Ray
   379 | D:1      | Found a faded altar of an unknown god.
   833 | D:1      | Found Umunnil's Assorted Antiques.
   871 | D:1      | Reached skill level 4 in Spellcasting
   979 | D:1      | Reached XP level 3. HP: 19/19 MP: 5/10
  1977 | D:3      | Reached XP level 4. HP: 24/24 MP: 6/12
  2031 | D:3      | Reached skill level 5 in Spellcasting
  2031 | D:3      | Reached skill level 5 in Conjurations
  2036 | D:3      | Learned a level 4 spell: Iskenderun's Mystic Blast
  2215 | D:3      | Found a glowing silver altar of Zin.
  2263 | D:3      | Found an ornate altar of the Wu Jian Council.
  2764 | D:3      | Reached XP level 5. HP: 16/28 MP: 12/14
  3272 | D:4      | Found a runed translucent door.
  3272 | D:4      | Noticed fly's ghost (amateur FoDe)
  3306 | D:4      | Noticed Edmund
  3419 | D:4      | Reached skill level 1 in Translocations
  3585 | D:4      | Noticed Menkaure
  3610 | D:4      | Killed Menkaure
  3611 | D:4      | Reached skill level 6 in Spellcasting
  3611 | D:4      | Reached XP level 6. HP: 19/32 MP: 7/17
  4016 | D:4      | Killed Edmund
  4017 | D:4      | Reached skill level 7 in Spellcasting
  4017 | D:4      | Reached XP level 7. HP: 36/36 MP: 7/19
  4509 | D:4      | Identified the ring "Xuybonk" {Fly rF+ rN+ Str-2 Int+4}
  4680 | D:4      | Killed fly's ghost
  4681 | D:4      | Reached skill level 5 in Dodging
  4836 | D:5      | Entered Level 5 of the Dungeon
  5107 | D:5      | Reached skill level 8 in Spellcasting
  5150 | D:5      | Found Xicuisch's Jewellery Emporium.
  5194 | D:5      | Found a radiant altar of Vehumet.
  5202 | D:5      | Found a glowing golden altar of the Shining One.
  5220 | D:5      | Became a worshipper of Vehumet
  5283 | D:5      | Reached XP level 8. HP: 29/41 MP: 15/22
  5452 | D:5      | Noticed Blork the orc
  5694 | D:5      | Killed Blork the orc
  5784 | D:5      | Reached skill level 9 in Spellcasting
  5905 | D:5      | Found a stormy altar of Qazlal.
  6475 | D:5      | Reached skill level 10 in Spellcasting
  6804 | D:6      | Killed from afar by an orc

Illustrated notes

Levels and vault maps discovered:
D:1:      sevenhm_arrival_forest_fort_small_5, layout_loops_ring,
          dreamdust_ecumenical_altar_hidden_monk_grotto, serial_shops,
          nicolae_shop_hallway_plus, lemuel_old_faithful
D:2:      layout_basic, chequers_jeans
D:3:      layout_basic, lemuel_tele_altar, zin_statuary,
          small_statue_intersection, hex_medium
D:4:      layout_basic, hellmonk_ghost_happy_afterlife, minmay_misc_feat_doors,
          uniq_menkaure, uniq_edmund
D:5:      nicolae_cairo_tiling_large_dashed, layout_cave_pools,
          mainiacjoe_overflow_large_starburst, kennysheep_little_box,
          serial_shops, shop, corexii_checkpoint_a, uniq_blork_the_orc
D:6:      layout_rooms, mainiacjoe_overflow_alcove_2, temple_statues

Skill      XL: |  1  2  3  4  5  6  7  8 |
---------------+-------------------------+-----
Spellcasting   | 4 5 6 7 8 10 | 10.7
Dodging        | 3 4 5 6 |  6.0
Conjurations   | 5 6 7 |  7.5
Translocations | 1 2 3 4 |  4.0
Stealth        | |  2.4

Action                   |  1- 3 |  4- 6 |  7- 9 || total
-------------------------+-------+-------+-------++-------
Melee: Dire flail        |       |       |     6 ||     6
 Cast: Magic Dart        |    60 |    49 |    69 ||   178
       Searing Ray       |     6 |    17 |    36 ||    59
       Iskenderun's Myst |       |       |     5 ||     5
  Use: Scroll            |       |     8 |     2 ||    10
Armor: Robe              |       |     2 |    15 ||    17
Dodge: Dodged            |     7 |    15 |    47 ||    69

Table legend: (Time is in decaauts)
 A = Elapsed time spent in this place.
 B = Non-inter-level travel time spent in this place.
 C = Inter-level travel time spent in this place.
 D = Time resting spent in this place.
 E = Time spent auto-exploring this place.
 F = Levels seen in this place.
 G = Mean time per level.
                   A        B        C        D        E       F      G
               +--------+--------+--------+--------+--------+-----+--------+
         Total |   6817 |   6667 |    150 |    893 |   4694 |   6 | 1136.2 |
       Dungeon |   6817 |   6667 |    150 |    893 |   4694 |   6 | 1136.2 |
               +--------+--------+--------+--------+--------+-----+--------+

Top non-repeatable levels by time:
     D:4: 1911 daAuts
     D:3: 1369 daAuts
     D:1: 1298 daAuts
     D:5: 1275 daAuts
     D:2: 648 daAuts
     D:6: 312 daAuts
